AoeStats
← WEN

Black Forest

509873808Analyzed
4v4 RM · 5d ago on Sep 28, 2026· 55m 23s· 8 players
Game mode
Random Map
Map size
Large (8 player)
Population
200
Speed
Normal
Resources
Standard
Victory
Conquest
Starting age
Dark Age
Ending age
Imperial Age
RankedLock teamsTeams togetherTeam positionsShared explorationLock speedFull tech treeHidden civsTurbo modeCheats
Victory
Defeat
🇨🇳 Italians · China
1238
+10
1067
+17
🇨🇿 Armenians · Czechia
1065
+17
🇨🇳 Danes · China
932
+22
🇮🇳 Muisca · India
1116
-18
🇨🇳 Danes · China
1094
-17
🇭🇰 Maya · Hong Kong SAR China
1094
-17
🇮🇳 Mongols · India
1028
-14
83716497273
6:34 Loom
12:43 Feudal Age
16:20 Castle Age
14:43 Double-Bit Axe
14:39 Horse Collar
14:45 Fishing Lines
18:31 Bow Saw
23:38 Gillnets
24:06 Gold Mining
25:12 Wheelbarrow
25:43 Fletching
25:36 Horse Collar
27:16 Gold Shaft Mining
28:00 Scale Mail Armor
28:10 Forging
28:49 Forging
31:46 Imperial Age
29:20 Squires
30:16 Chain Mail Armor
32:39 Iron Casting
32:29 Elite Varangian Guard
33:41 Plate Mail Armor
35:41 Blast Furnace
34:43 Heavy Plow
36:04 Conscription
35:05 Hamask
35:31 Onager
36:12 Gambesons
36:59 Capped Ram
38:28 Hand Cart
37:58 Town Watch
38:23 Siege Ram
39:36 Northmen's Fury
41:35 Siege Engineers
41:57 Padded Archer Armor
44:55 Siege Onager
46:08 Caravan
46:14 Bodkin Arrow
46:41 Elite Longship
47:22 Bracer
48:44 Shipwright
49:43 Careening
Teror
10:36 Feudal Age
10:53 Man-at-Arms
11:36 Long Swordsman
14:34 Scale Mail Armor
16:28 Forging
20:53 Horse Collar
21:02 Double-Bit Axe
21:10 Gold Mining
27:04 Castle Age
27:08 Two-Handed Swordsman
27:38 Gambesons
28:41 Bow Saw
28:43 Heavy Plow
30:34 Gold Shaft Mining
30:51 Stone Mining
33:27 Wheelbarrow
36:40 Hand Cart
38:57 Town Watch
42:04 Imperial Age
39:58 Ballistics
39:35 Murder Holes
39:51 Fortified Wall
40:35 Town Patrol
42:12 Onager
43:19 Conscription
42:54 Champion
45:00 Chemistry
52:35 Padded Archer Armor
52:25 Fletching
WEN
12:20 Feudal Age
16:47 Castle Age
15:17 Double-Bit Axe
18:39 Bow Saw
22:15 Horse Collar
26:27 Wheelbarrow
27:27 Heavy Plow
27:46 Loom
32:05 Imperial Age
30:30 Fletching
31:23 Bodkin Arrow
33:37 Bracer
34:50 Conscription
35:34 Hand Cart
35:05 Town Watch
35:56 Conscription
38:20 Gold Mining
38:20 Stone Mining
38:39 Padded Archer Armor
39:49 Coinage
39:47 Leather Archer Armor
40:06 Caravan
40:44 Town Patrol
42:29 Two-Man Saw
42:04 Crop Rotation
42:13 Stone Shaft Mining
42:38 Conscription
41:52 Elite Genoese Crossbowman
45:20 Chemistry
44:40 Ballistics
44:01 Treadmill Crane
45:38 Ring Archer Armor
45:26 Thumb Ring
45:54 Ballistics
47:31 Scale Mail Armor
49:42 Squires
49:27 Arson
52:14 Forging
My credit card number: 465687642
11:39 Feudal Age
12:42 Double-Bit Axe
12:53 Gold Mining
26:21 Castle Age
24:44 Scale Barding Armor
26:53 Wheelbarrow
26:34 Stone Mining
26:40 Horse Collar
28:55 Bow Saw
28:11 Capped Ram
29:22 Heavy Plow
30:26 Hand Cart
29:57 Town Watch
33:49 Bloodlines
36:20 Imperial Age
34:09 Forging
37:30 Chain Barding Armor
37:47 Iron Casting
39:45 Gold Shaft Mining
40:28 Town Patrol
40:50 Elite Steppe Lancer
42:32 Caravan
44:17 Two-Man Saw
44:02 Masonry
44:24 Conscription
44:09 Steppe Husbandry
46:30 Blast Furnace
51:19 Hoardings
51:14 Ballistics
50:50 Murder Holes
月喵喵
11:14 Feudal Age
16:14 Castle Age
14:22 Horse Collar
14:55 Double-Bit Axe
17:19 Heavy Plow
21:00 Forging
26:41 Bow Saw
29:42 Loom
32:08 Wheelbarrow
32:41 Stone Mining
32:51 Gold Mining
36:47 Hand Cart
40:00 Imperial Age
40:05 Gold Shaft Mining
39:58 Town Watch
40:14 Onager
41:52 Ballistics
42:33 Chemistry
41:58 Ballistics
42:27 Heavy Scorpion
44:23 Siege Engineers
45:42 Conscription
47:02 Northmen's Fury
50:06 Siege Onager
cat 20226456
0:26 Loom
13:59 Feudal Age
18:04 Castle Age
20:52 Double-Bit Axe
27:19 Horse Collar
30:38 Fletching
36:14 Wheelbarrow
38:49 Bow Saw
39:33 Fishing Lines
43:18 Town Watch
43:46 Heavy Plow
45:44 Gillnets
48:51 Imperial Age
46:37 Hand Cart
46:23 Town Patrol
46:39 Scale Mail Armor
46:50 Forging
47:39 Chain Mail Armor
47:21 Bodkin Arrow
47:18 Pikeman
47:58 Squires
47:44 Arson
47:56 Elite Skirmisher
49:16 Halberdier
49:50 Eagle Warrior
51:27 Plate Mail Armor
51:51 Iron Casting
52:31 Thumb Ring
ravish.ratnam
0:29 Loom
10:51 Feudal Age
10:55 Champi Runner
23:17 Castle Age
21:22 Double-Bit Axe
22:17 Fletching
23:11 Gold Mining
23:23 Crossbowman
25:31 Ballistics
26:12 Bodkin Arrow
29:30 Padded Archer Armor
38:16 Imperial Age
38:52 Leather Archer Armor
39:42 Arbalester
40:45 Thumb Ring
40:44 Bracer
42:43 Chemistry
42:05 Horse Collar
42:39 Bow Saw
46:18 Heavy Plow
47:19 Two-Man Saw
46:10 Stone Mining
46:16 Stone Mining
47:04 Gold Shaft Mining
47:54 Scale Mail Armor
48:06 Forging
49:35 Wheelbarrow
51:32 Hand Cart
52:16 Elite Temple Guard
Valstrax
2:43 Loom
12:35 Feudal Age
17:30 Castle Age
16:16 Fishing Lines
17:47 Double-Bit Axe
19:12 Gillnets
19:59 Bow Saw
22:01 Horse Collar
23:01 Wheelbarrow
22:57 Demolition Ship
25:59 Horse Collar
30:55 Imperial Age
29:14 Ballistics
29:33 Fletching
29:46 Padded Archer Armor
30:08 Heavy Plow
30:01 Gold Mining
32:02 Bodkin Arrow
33:25 Chemistry
33:00 Hand Cart
33:33 Bracer
33:34 Murder Holes
34:29 Elite Mangudai
35:34 Drill
35:34 Conscription
35:55 Stone Mining
36:40 Gold Shaft Mining
36:54 Hoardings
38:22 Leather Archer Armor
37:32 Capped Ram
40:19 Stone Shaft Mining
40:34 Coinage
41:15 Siege Engineers
41:40 Siege Ram
43:19 Masonry
43:47 Hoardings
46:53 Caravan
46:31 Light Cavalry
47:24 Bloodlines
47:14 Husbandry
47:26 Scale Barding Armor
47:31 Forging
49:18 Chain Barding Armor
49:33 Iron Casting
48:32 Hussar
52:13 Blast Furnace
Connection lost

Rejoining the realm…

Still unreachable

The connection could not be restored.

Session expired

The server has moved on; the page needs a fresh start.